NWL
BOISE HAWKS @ LOS ANGELES A (SS-A) ANGELS
08/08/2099
 
TOP OF THE 1ST
Boise Hawks batting - Pitching for Los Angeles A (SS-A) Angels : RHP Mike Williams
Pitching: RHP Mike Williams
Batting: RHB Jaime Lopez 0-0: SINGLE (Groundball, 4MD, EV 93.8 MPH)
Batting: RHB Alejandro Mira 0-0: Foul Ball, location: 5F
0-1: Ball
1-1: Ball
2-1: Fly out, F9 (Flyball, 89S, EV 86.9 MPH)
Batting: RHB Jarrod Dries 0-0: Called Strike
0-1: Fly out, F8 (Flyball, 8RD, EV 98.8 MPH)
Batting: RHB Jose Reyes 0-0: Called Strike
0-1: Called Strike
Jaime Lopez steals 2nd base
0-2: Strikes out swinging
Top of the 1st over - 0 runs, 1 hit, 0 errors, 1 left on base; Boise 0 - Los Angeles A (SS-A) 0
BOTTOM OF THE 1ST
Los Angeles A (SS-A) Angels batting - Pitching for Boise Hawks : RHP Shane Haack
Pitching: RHP Shane Haack
Batting: RHB Ken Bahr 0-0: Fly out, F5 (Line Drive, 5, EV 68.1 MPH)
Batting: RHB Dustin Flowers 0-0: Swinging Strike
0-1: Foul Ball, location: 2F
0-2: Ball
1-2: Strikes out swinging
Batting: RHB Scott Havens 0-0: Ball
1-0: Foul Ball, location: 2F
1-1: Ball
2-1: SINGLE (Groundball, 4MD, EV 98.8 MPH)
Batting: LHB Cory Murray 0-0: Called Strike
0-1: Ball
1-1: Ball
2-1: Foul Ball, location: 9LMF
2-2: Strikes out swinging
Bottom of the 1st over - 0 runs, 1 hit, 0 errors, 1 left on base; Boise 0 - Los Angeles A (SS-A) 0
TOP OF THE 2ND
Boise Hawks batting - Pitching for Los Angeles A (SS-A) Angels : RHP Mike Williams
Batting: RHB Christovão Capinho 0-0: Ball
1-0: Called Strike
1-1: Fly out, F8 (Flyball, 8RD, EV 99.4 MPH)
Batting: RHB Cesar Toledo 0-0: Ball
1-0: Foul Ball, location: 23F
1-1: Swinging Strike
1-2: Ball
2-2: Strikes out swinging
Batting: SHB Jorge Macias 0-0: Foul Ball, location: 7LMF
0-1: Ball
1-1: Swinging Strike
1-2: Fly out, F6 (Popup, 6M, EV 72.5 MPH)
Top of the 2nd over - 0 runs, 0 hits, 0 errors, 0 left on base; Boise 0 - Los Angeles A (SS-A) 0
BOTTOM OF THE 2ND
Los Angeles A (SS-A) Angels batting - Pitching for Boise Hawks : RHP Shane Haack
Batting: RHB Chris Kuhn 0-0: SINGLE (Groundball, 3S, EV 65.6 MPH) (infield hit)
Batting: LHB Dean Neufeld 0-0: Called Strike
0-1: Ball
1-1: Grounds into double play, 4-6-3 (Groundball, 34, EV 99.4 MPH)
Batting: RHB Armando Gonzalez 0-0: Ball
1-0: Foul Ball, location: 5F
1-1: Foul Ball, location: 9LSF
1-2: Ball
2-2: Ball
3-2: Ground out 6-3 (Groundball, 6, EV 91.3 MPH)
Bottom of the 2nd over - 0 runs, 1 hit, 0 errors, 0 left on base; Boise 0 - Los Angeles A (SS-A) 0
TOP OF THE 3RD
Boise Hawks batting - Pitching for Los Angeles A (SS-A) Angels : RHP Mike Williams
Batting: RHB Andy McNeily 0-0: Ball
1-0: Foul Ball, location: 2RF
1-1: Swinging Strike
1-2: SINGLE (Line Drive, 6D, EV 93.8 MPH)
Batting: RHB Leo Lundberg 0-0: Swinging Strike
0-1: Ball
1-1: Sac Bunt to 23 - play at first, batter OUT! 3-4
Andy McNeily to second
Batting: RHB Jaime Lopez 0-0: SINGLE (Groundball, 34S, EV 68.8 MPH) (infield hit)
Andy McNeily to third
Batting: RHB Alejandro Mira 0-0: Swinging Strike
0-1: Foul Ball, location: 5F
0-2: Foul Ball, location: 2F
0-2: Foul Ball, location: 2F
0-2: Ball
1-2: Ball
2-2: Ball
3-2: Grounds into double play, 4-6-3 (Groundball, 4, EV 81.3 MPH)
Top of the 3rd over - 0 runs, 2 hits, 0 errors, 1 left on base; Boise 0 - Los Angeles A (SS-A) 0
BOTTOM OF THE 3RD
Los Angeles A (SS-A) Angels batting - Pitching for Boise Hawks : RHP Shane Haack
Batting: RHB Damian Terrazas 0-0: Called Strike
0-1: Ball
1-1: Called Strike
1-2: Ball
2-2: Foul Ball, location: 2F
2-2: Ball
3-2: Base on Balls
Batting: RHB Gazment Shima 0-0: Ball
1-0: SINGLE (Line Drive, 6MD, EV 93.8 MPH)
Damian Terrazas to second
Batting: RHB Ken Bahr 0-0: Ball
1-0: Called Strike
1-1: Fly out, F2 (Popup, 2LF, EV 93.8 MPH)
Batting: RHB Dustin Flowers 0-0: Swinging Strike
0-1: Ball
1-1: Called Strike
1-2: Ball
2-2: Foul Ball, location: 5F
2-2: Ball
3-2: Base on Balls
Damian Terrazas to third
Gazment Shima to second
Batting: RHB Scott Havens 0-0: Grounds into double play, 6-4-3 (Groundball, 6, EV 94.4 MPH)
Bottom of the 3rd over - 0 runs, 1 hit, 0 errors, 2 left on base; Boise 0 - Los Angeles A (SS-A) 0
TOP OF THE 4TH
Boise Hawks batting - Pitching for Los Angeles A (SS-A) Angels : RHP Mike Williams
Batting: RHB Jarrod Dries 0-0: Foul Ball, location: 25F
0-1: Fly out, F4 (Popup, 4D, EV 48.8 MPH)
Batting: RHB Jose Reyes 0-0: Ball
1-0: Called Strike
1-1: Foul Ball, location: 25F
1-2: Ball
2-2: Foul Ball, location: 9LSF
2-2: Ball
3-2: Foul Ball, location: 25FF
3-2: Strikes out swinging
Batting: RHB Christovão Capinho 0-0: Called Strike
0-1: Ball
1-1: Ground out 5-3 (Groundball, 56S, EV 86.9 MPH)
Top of the 4th over - 0 runs, 0 hits, 0 errors, 0 left on base; Boise 0 - Los Angeles A (SS-A) 0
BOTTOM OF THE 4TH
Los Angeles A (SS-A) Angels batting - Pitching for Boise Hawks : RHP Shane Haack
Batting: LHB Cory Murray 0-0: Ball
1-0: Ball
2-0: Foul Ball, location: 3FF
2-1: Foul Ball, location: 5DF
2-2: Ball
3-2: Base on Balls
Batting: RHB Chris Kuhn 0-0: Called Strike
0-1: Swinging Strike
0-2: Ball
1-2: Ball
2-2: Ground out 5-3 (Groundball, 56S, EV 75.6 MPH)
Cory Murray to second
Batting: LHB Dean Neufeld 0-0: Ground out 4-3 (Groundball, 4MS, EV 77.5 MPH)
Batting: RHB Armando Gonzalez 0-0: Called Strike
0-1: Swinging Strike
0-2: Ball
1-2: Ball
2-2: DOUBLE (Line Drive, 89XD, EV 108.1 MPH)
Cory Murray scores
Batting: RHB Damian Terrazas 0-0: Fly out, F5 (Popup, 56S, EV 62.5 MPH)
Bottom of the 4th over - 1 run, 1 hit, 0 errors, 1 left on base; Boise 0 - Los Angeles A (SS-A) 1
TOP OF THE 5TH
Boise Hawks batting - Pitching for Los Angeles A (SS-A) Angels : RHP Mike Williams
Batting: RHB Cesar Toledo 0-0: Fly out, F9 (Flyball, 9S, EV 83.8 MPH)
Batting: SHB Jorge Macias 0-0: Called Strike
0-1: SINGLE (Groundball, 56, EV 103.8 MPH)
Batting: RHB Andy McNeily 0-0: Ball
1-0: Called Strike
1-1: Foul Ball, location: 2F
1-2: Ball
2-2: Ball
3-2: SINGLE (Groundball, 56D, EV 99.4 MPH)
Jorge Macias to second
Batting: RHB Leo Lundberg 0-0: Ground out 5-3 (Groundball, 56S, EV 63.1 MPH)
Jorge Macias to third
Andy McNeily to second
Batting: RHB Jaime Lopez 0-0: Foul Ball, location: 2F
0-1: SINGLE (Groundball, 34D, EV 96.9 MPH)
Jorge Macias scores
Andy McNeily to third
Runner from 3rd tries for Home, SAFE, throw by RF to home
Jaime Lopez to second
Batting: RHB Alejandro Mira 0-0: Foul Ball, location: 9LDF
0-1: Ball
1-1: Called Strike
1-2: SINGLE (Flyball, 89S, EV 90.0 MPH)
Jaime Lopez to third
Runner from 3rd tries for Home, SAFE, throw by RF to home
Batting: RHB Jarrod Dries 0-0: Ball
1-0: Fielders Choice at 2nd, 6-4 (Groundball, 6, EV 85.6 MPH)
Top of the 5th over - 3 runs, 4 hits, 0 errors, 1 left on base; Boise 3 - Los Angeles A (SS-A) 1
BOTTOM OF THE 5TH
Los Angeles A (SS-A) Angels batting - Pitching for Boise Hawks : RHP Shane Haack
Batting: RHB Gazment Shima 0-0: Ball
1-0: Called Strike
1-1: Ball
2-1: Foul Ball, location: 9LDF
2-2: Ball
3-2: Foul Ball, location: 2F
3-2: Foul Ball, location: 5FF
3-2: Fly out, F7 (Flyball, 78S, EV 88.1 MPH)
Batting: RHB Ken Bahr 0-0: Ball
1-0: Foul Ball, location: 2F
1-1: Called Strike
1-2: Ball
2-2: Strikes out looking
Batting: RHB Dustin Flowers 0-0: Ground out 6-3 (Groundball, 6M, EV 105.6 MPH)
Bottom of the 5th over - 0 runs, 0 hits, 0 errors, 0 left on base; Boise 3 - Los Angeles A (SS-A) 1
TOP OF THE 6TH
Boise Hawks batting - Pitching for Los Angeles A (SS-A) Angels : RHP Mike Williams
Batting: RHB Jose Reyes 0-0: Foul Ball, location: 2F
0-1: SINGLE (Groundball, 34D, EV 105.6 MPH)
Batting: RHB Christovão Capinho 0-0: Called Strike
0-1: Ball
1-1: Ball
2-1: Ball
3-1: Base on Balls
Jose Reyes to second
Batting: RHB Cesar Toledo 0-0: Called Strike
0-1: Swinging Strike
0-2: Ball
1-2: Ball
2-2: Foul Ball, location: 23FF
2-2: Ball
3-2: Base on Balls
Jose Reyes to third
Christovão Capinho to second
Pitching: LHP Byron Hadley
Batting: SHB Jorge Macias 0-0: Called Strike
0-1: Called Strike
0-2: Foul Ball, location: 2F
0-2: Strikes out swinging
Batting: RHB Andy McNeily 0-0: Ball
1-0: Foul Ball, location: 2F
1-1: Ball
2-1: Ball
3-1: Base on Balls
Jose Reyes scores
Christovão Capinho to third
Cesar Toledo to second
Batting: RHB Leo Lundberg 0-0: Foul Ball, location: 7LSFF
0-1: Foul Ball, location: 2LF
0-2: Strikes out looking
Batting: RHB Jaime Lopez 0-0: Ball
1-0: Foul Ball, location: 23F
1-1: Ball
2-1: Foul Ball, location: 2F
2-2: Ball
3-2: Base on Balls
Christovão Capinho scores
Cesar Toledo to third
Andy McNeily to second
Batting: RHB Alejandro Mira 0-0: SINGLE (Groundball, 6S, EV 66.3 MPH) (infield hit)
Cesar Toledo scores
Andy McNeily to third
Jaime Lopez to second
Batting: RHB Jarrod Dries 0-0: Called Strike
0-1: Ball
1-1: Ball
2-1: Foul Ball, location: 25F
2-2: Ball
3-2: Base on Balls
Andy McNeily scores
Jaime Lopez to third
Alejandro Mira to second
Batting: RHB Jose Reyes 0-0: Foul Ball, location: 5SF
0-1: Ball
1-1: Called Strike
1-2: Ball
2-2: Strikes out swinging
Top of the 6th over - 4 runs, 2 hits, 0 errors, 3 left on base; Boise 7 - Los Angeles A (SS-A) 1
BOTTOM OF THE 6TH
Los Angeles A (SS-A) Angels batting - Pitching for Boise Hawks : RHP Shane Haack
Batting: RHB Scott Havens 0-0: Ball
1-0: Ball
2-0: SINGLE (Line Drive, 89S, EV 95.0 MPH)
Batting: LHB Cory Murray 0-0: Swinging Strike
0-1: Ball
1-1: Ball
2-1: SINGLE (Groundball, 34, EV 84.4 MPH)
Scott Havens to second
Runner from 2nd tries for 3rd, SAFE, throw by RF made to third
Pitching: RHP Bob Blake
Batting: RHB Chris Kuhn 0-0: Ball
1-0: Ball
2-0: Ball
3-0: Called Strike
3-1: Foul Ball, location: 2F
3-2: Base on Balls
Cory Murray to second
Batting: LHB Dean Neufeld 0-0: Called Strike
0-1: Foul Ball, location: 2F
0-2: Ball
1-2: Ball
2-2: Foul Ball, location: 25F
2-2: Ball
3-2: Grounds into double play, 1-2-3 (Groundball, 25, EV 73.8 MPH)
Cory Murray to third
Chris Kuhn to second
Batting: RHB Armando Gonzalez 0-0: Called Strike
0-1: Called Strike
0-2: Foul Ball, location: 2F
0-2: Ground out 3-1 (Groundball, 34, EV 85.0 MPH)
Bottom of the 6th over - 0 runs, 2 hits, 0 errors, 2 left on base; Boise 7 - Los Angeles A (SS-A) 1
TOP OF THE 7TH
Boise Hawks batting - Pitching for Los Angeles A (SS-A) Angels : LHP Byron Hadley
Batting: RHB Christovão Capinho 0-0: Called Strike
0-1: Ball
1-1: Ground out 5-3 (Groundball, 5S, EV 107.5 MPH)
Batting: RHB Cesar Toledo 0-0: Ground out 5-3 (Groundball, 56S, EV 90.0 MPH)
Batting: SHB Jorge Macias 0-0: SINGLE (Groundball, 34D, EV 105.0 MPH)
Batting: RHB Andy McNeily 0-0: Foul Ball, location: 2F
0-1: Called Strike
0-2: Ball
1-2: SINGLE (Line Drive, 89M, EV 85.0 MPH)
Jorge Macias to second
Runner from 2nd tries for 3rd, SAFE, throw by RF made to third
Batting: RHB Leo Lundberg 0-0: Ball
Wild Pitch!
Jorge Macias scores
Andy McNeily to second
1-0: Foul Ball, location: 2F
1-1: Foul Ball, location: 2F
1-2: Foul Ball, location: 2F
1-2: Strikes out looking
Top of the 7th over - 1 run, 2 hits, 0 errors, 1 left on base; Boise 8 - Los Angeles A (SS-A) 1
BOTTOM OF THE 7TH
Los Angeles A (SS-A) Angels batting - Pitching for Boise Hawks : RHP Bob Blake
Batting: RHB Damian Terrazas 0-0: Called Strike
0-1: Ball
1-1: Fly out, F3 (Popup, 3S, EV 81.9 MPH)
Batting: RHB Gazment Shima 0-0: Ball
1-0: Ball
2-0: Ground out 5-3 (Groundball, 5S, EV 70.6 MPH)
Batting: RHB Ken Bahr 0-0: Called Strike
0-1: Swinging Strike
0-2: Foul Ball, location: 2RF
0-2: Ball
1-2: Fly out, F9 (Flyball, 89D, EV 102.5 MPH)
Bottom of the 7th over - 0 runs, 0 hits, 0 errors, 0 left on base; Boise 8 - Los Angeles A (SS-A) 1
TOP OF THE 8TH
Boise Hawks batting - Pitching for Los Angeles A (SS-A) Angels : LHP Byron Hadley
Batting: RHB Jaime Lopez 0-0: Ball
1-0: Called Strike
1-1: Ball
2-1: Ball
3-1: Foul Ball, location: 2F
3-2: Base on Balls
Pitching: RHP Miguel Guerrero
Batting: RHB Alejandro Mira 0-0: Ball
1-0: Ball
Jaime Lopez steals 2nd base (no throw)
2-0: Called Strike
2-1: Ground out 5-3 (Groundball, 56, EV 84.4 MPH)
Jaime Lopez to third
Batting: RHB Jarrod Dries 0-0: Called Strike
0-1: Ball
1-1: Ball
2-1: Ground out 6-3 (Groundball, 6, EV 110.0 MPH)
Jaime Lopez scores
Batting: RHB Jose Reyes 0-0: Ball
1-0: Ball
2-0: Called Strike
2-1: Ground out 6-3 (Groundball, 6, EV 86.3 MPH)
Top of the 8th over - 1 run, 0 hits, 0 errors, 0 left on base; Boise 9 - Los Angeles A (SS-A) 1
BOTTOM OF THE 8TH
Los Angeles A (SS-A) Angels batting - Pitching for Boise Hawks : RHP Bob Blake
Batting: RHB Dustin Flowers 0-0: Ball
1-0: Foul Ball, location: 3DF
1-1: Fly out, F7 (Line Drive, 7, EV 107.5 MPH)
Pinch Hitting: RHB Rafael Perez 0-0: Ball
1-0: Ball
2-0: Called Strike
2-1: Foul Ball, location: 2F
2-2: Ball
3-2: Fly out, F8 (Flyball, 8RXD, EV 95.6 MPH)
Batting: LHB Cory Murray 0-0: Called Strike
0-1: Ball
1-1: Called Strike
1-2: Strikes out looking
Bottom of the 8th over - 0 runs, 0 hits, 0 errors, 0 left on base; Boise 9 - Los Angeles A (SS-A) 1
TOP OF THE 9TH
Boise Hawks batting - Pitching for Los Angeles A (SS-A) Angels : RHP Miguel Guerrero
Now at 1B: Raul Miro
Batting: RHB Christovão Capinho 0-0: Called Strike
0-1: Foul Ball, location: 25FF
0-2: Strikes out swinging
Batting: RHB Cesar Toledo 0-0: Called Strike
0-1: Swinging Strike
0-2: Ball
1-2: Ground out 5-3 (Groundball, 5L, EV 110.0 MPH)
Batting: SHB Jorge Macias 0-0: Called Strike
0-1: Ball
1-1: Called Strike
1-2: Ground out 4-3 (Groundball, 4M, EV 81.3 MPH)
Top of the 9th over - 0 runs, 0 hits, 0 errors, 0 left on base; Boise 9 - Los Angeles A (SS-A) 1
BOTTOM OF THE 9TH
Los Angeles A (SS-A) Angels batting - Pitching for Boise Hawks : RHP Bob Blake
Batting: RHB Chris Kuhn 0-0: Ball
1-0: SINGLE (Groundball, 6, EV 78.8 MPH) (infield hit)
Batting: LHB Dean Neufeld 0-0: Called Strike
0-1: Foul Ball, location: 2F
0-2: Fielders Choice at 2nd, 3-6 (Groundball, 3, EV 76.9 MPH)
Pinch Hitting: LHB Russ Trahan 0-0: Ball
1-0: Foul Ball, location: 7LMF
1-1: Foul Ball, location: 5F
1-2: SINGLE (Groundball, 34D, EV 100.0 MPH)
Dean Neufeld to second
Batting: RHB Damian Terrazas 0-0: Ball
1-0: Ball
2-0: Fielders Choice at 2nd, 4-6 (Groundball, 4D, EV 105.0 MPH)
Dean Neufeld to third
Pinch Hitting: LHB Antoine Hemery 0-0: Called Strike
0-1: Ball
1-1: Foul Ball, location: 7LSF
1-2: Ground out 4-3 (Groundball, 4, EV 84.4 MPH)
Bottom of the 9th over - 0 runs, 2 hits, 0 errors, 2 left on base; Boise 9 - Los Angeles A (SS-A) 1
Tuesday, May 14th , 2024 - OOTP Baseball 24.11 Build 85